[Event "*** Titled Tuesday Blitz"]
[Site "Chess.com"]
[Date "2020.05.19"]
[Round "3"]
[White "VerdeNotte"]
[Black "AleksanderHnydiuk"]
[Result "1-0"]
[WhiteElo "2825"]
[BlackElo "2581"]
[TimeControl "180+1"]
[EndTime "12:27:28 PDT"]
[Termination "VerdeNotte won by checkmate"]

1. e4 c5 2. Nc3 Nc6 3. Bb5 Nd4 4. Nf3 e6 5. O-O Ne7 6. Nxd4 cxd4 7. Ne2 Nc6 8. d3 Bc5 9. Ng3 Qh4 10. f4 O-O 11. Bd2 d6 12. Bxc6 bxc6 13. b4 Bb6 14. a4 Bd7 15. f5 e5 16. f6 g6 17. Qc1 Rfe8 18. Bg5 Qg4 19. Rf3 h5 20. h3 Qe6 21.
Nxh5 gxh5 22. Bh4 Kh7 23. Qg5 Rh8 24. Qg7# 1-0

[Event "*** Titled Tuesday Blitz"]
[Site "Chess.com"]
[Date "2020.05.19"]
[Round "3"]
[White "lamomiablanca"]
[Black "Mugzyyy"]
[Result "0-1"]
[WhiteElo "2169"]
[BlackElo "2480"]
[TimeControl "180+1"]
[EndTime "12:27:28 PDT"]
[Termination "Mugzyyy won on time"]

1. e4 c5 2. d3 d6 3. g3 g6 4. Bg2 Bg7 5. f4 Nc6 6. Nf3 Bg4 7. O-O e6 8. h3 Bxf3 9. Bxf3 Nge7 10. Bg2 O-O 11.
Nc3 Rb8 12. Ne2 b5 13. a3 a5 14. Rb1 b4 15. axb4 axb4 16. Be3 Ra8 17. d4 cxd4 18.
Nxd4 Ra2 19. Nxc6 Nxc6 20. e5 d5 21. Qd2 Qa5 22. h4 b3 23. c3 Rd8 24. Bf2 h5 25. Bf3 Bf8 26. g4 hxg4 27. Bxg4 d4 28. Bf3 dxc3 29. Qxc3 Qxc3 30. bxc3 Na5 31. Bb6 Rdd2 32.
Rfd1 Nc4 33. Bd4 b2 34. Be4 Rxd1+ 35. Rxd1 Ra1 0-1

[Event "*** Titled Tuesday Blitz"]
[Site "Chess.com"]
[Date "2020.05.19"]
[Round "3"]
[White "IngOscarArdila"]
[Black "nitpicker"]
[Result "0-1"]
[WhiteElo "2024"]
[BlackElo "2297"]
[TimeControl "180+1"]
[EndTime "12:27:29 PDT"]
[Termination "nitpicker won by resignation"]

1. d4 Nf6 2. Nf3 g6 3. g3 Bg7 4. Bg2 O-O 5. O-O d6 6. Nbd2 Nbd7 7. c3 c6 8. e4 Qc7 9. Re1 e5 10. dxe5 dxe5 11. Nc4 Nh5 12. Qd6 Qxd6 13. Nxd6 Nc5 14. Nxc8 Raxc8 15. Be3 Nd3 16. Re2 b6 17. Ne1 Rcd8 18.
Bg5 Bf6 19. Bh6 Ng7 20. Rd2 Rfe8 21. Rad1 Nxb2 22. Rxd8 Rxd8 23. Rxd8+ Bxd8 24. Bc1 Na4 25. Bd2 b5 26. Kf1 Ba5 27. Ke2 Bxc3 28. Bxc3 Nxc3+ 29. Kd3 Nxa2 30. f4 f6 31. Bh3 exf4 32. gxf4 c5 33.
Bd7 a6 34. Nc2 Kf8 35. Ne3 Ke7 36. Bc8 Kd6 37. Bxa6 Nb4+ 38. Kd2 Nxa6 39. Nd5 f5 40. Nc3 b4 41. e5+ Kc6 42. Ne2 Ne6 43. Kd3 Kd5 44. h4 c4+ 45. Ke3 Nac5 46. Ng3 Ne4 47. Ne2 b3 48. h5 c3 49. hxg6 hxg6 50. Kd3 N6c5+ 51. Ke3 b2 0-1

[Event "*** Titled Tuesday Blitz"]
[Site "Chess.com"]
[Date "2020.05.19"]
[Round "3"]
[White "x-3738459472"]
[Black "RobPeresian"]
[Result "1-0"]
[WhiteElo "2519"]
[BlackElo "2286"]
[TimeControl "180+1"]
[EndTime "12:27:30 PDT"]
[Termination "x-3738459472 won by resignation"]

1. e4 c5 2. Nc3 Nc6 3. Bb5 g6 4. Bxc6 dxc6 5. f4 Nf6 6. d3 Bg7 7. Nf3 b6 8. O-O O-O 9. Qe1 a5 10. Qh4 a4 11. a3 e6 12. f5 exf5 13. Bh6 Ng4 14. Bxg7 Qxh4 15. Nxh4 Kxg7 16. exf5 g5 17. Nf3 h6 18. Rae1 Ra7 19. Ne5 Nxe5 20. Rxe5 Kf6 21.
Re4 b5 22. Ree1 c4 23. dxc4 bxc4 24. Ne4+ Kg7 25. Nd6 Rd7 26. Nxc4 Ba6 27. Ne5 Rb7 28. f6+ Kg8 29. Rf2 Rxb2 30. Nxc6 Bc4 31. h4 Kh7 32. hxg5 hxg5 33. Kh2 Be6 34. Kg3 Kg8 35. Ne7+ 1-0

[Event "*** Titled Tuesday Blitz"]
[Site "Chess.com"]
[Date "2020.05.19"]
[Round "3"]
[White "DinaBelenkaya"]
[Black "ClassyEl"]
[Result "0-1"]
[WhiteElo "2206"]
[BlackElo "2492"]
[TimeControl "180+1"]
[EndTime "12:27:30 PDT"]
[Termination "ClassyEl won by resignation"]

1. e4 d6 2. d4 Nf6 3. Nc3 c6 4. Nf3 Bg4 5. Be2 e6 6. O-O d5 7. e5 Nfd7 8. a4 a6 9. a5 c5 10. Be3 Nc6 11. dxc5 Bxc5 12. Bxc5 Nxc5 13. Re1 Qc7 14.
h3 Bxf3 15. Bxf3 O-O 16. Qe2 Rfd8 17. Bh5 g6 18. Bf3 Rac8 19. h4 Qe7 20. h5 Qg5 21. Na4 Nd7 22. Nb6 Nxb6 23. axb6 Nd4 24. Qd3 Nxc2 25.
Rad1 Nxe1 26. Rxe1 Rc6 27. Qd4 Rdc8 28. Bd1 Rc4 29.
Qd3 Rc1 30. g3 Ra1 31. f4 Qf5 32. Qd2 gxh5 33. Kg2 Rcc1 34. Rh1 Qe4+ 35. Bf3 Rc2 36. Bxe4 Rxd2+ 37. Kf3 Rxh1 0-1

[Event "*** Titled Tuesday Blitz"]
[Site "Chess.com"]
[Date "2020.05.19"]
[Round "3"]
[White "Grootneus"]
[Black "tarantul1"]
[Result "1-0"]
[WhiteElo "2222"]
[BlackElo "2475"]
[TimeControl "180+1"]
[EndTime "12:27:30 PDT"]
[Termination "Grootneus won by resignation"]

1. e4 c5 2. Nf3 e6 3. b3 b6 4.
Bb2 Bb7 5. Nc3 d6 6. d4 cxd4 7. Nxd4 Nf6 8. Bb5+ Nbd7 9. f3 Qc7 10. O-O a6 11. Bxd7+ Nxd7 12. Nce2 Be7 13. c4 O-O 14.
Rc1 Rac8 15. Nc3 Qb8 16. Qe1 Rfd8 17. Nc2 b5 18. cxb5 axb5 19. Nxb5 Ba6 20. Qg3 Bf6 21.
Bxf6 Nxf6 22. a4 Bxb5 23. axb5 Qxb5 24. Nd4 Qb6 25. Qf2 d5 26. e5 Nd7 27. f4 Nc5 28. Qe3 1-0

[Event "*** Titled Tuesday Blitz"]
[Site "Chess.com"]
[Date "2020.05.19"]
[Round "3"]
[White "Caterpiller35"]
[Black "MomchilPetkov"]
[Result "0-1"]
[WhiteElo "2342"]
[BlackElo "2557"]
[TimeControl "180+1"]
[EndTime "12:27:34 PDT"]
[Termination "MomchilPetkov won by resignation"]

1. d4 Nf6 2. Bg5 c5 3. Bxf6 gxf6 4.
d5 Qb6 5. Qc1 f5 6. Nc3 Bg7 7.
e3 Qg6 8. g3 d6 9. Nge2 Nd7 10.
Nf4 Bxc3+ 11. bxc3 Qg7 12. Qd2 Ne5 13. Bg2 Bd7 14. O-O O-O 15. a4 b6 16. Rfb1 Rfb8 17.
Qe2 a6 18. c4 Rb7 19. Rb3 Nf3+ 20. Bxf3 Qxa1+ 21. Kg2 Bxa4 22. Rd3 Qb2 23. e4 Qxc2 24. Rd2 Qc3 25. exf5 Bb3 26. Be4 Bxc4 27. Qg4+ Qg7 28.
Qh4 h6 29. Nh5 Qg5 30. Qh3 Qxd2 31. f6 Qc1 32. Qg4+ Qg5 33. Qh3 Bxd5 0-1

[Event "*** Titled Tuesday Blitz"]
[Site "Chess.com"]
[Date "2020.05.19"]
[Round "3"]
[White "davekoenig"]
[Black "Munkhzul_Turmunkh"]
[Result "0-1"]
[WhiteElo "2175"]
[BlackElo "2481"]
[TimeControl "180+1"]
[EndTime "12:27:34 PDT"]
[Termination "Munkhzul_Turmunkh won by checkmate"]

1. e4 c5 2. Nc3 Nc6 3. g3 g6 4. Bg2 Bg7 5. d3 d6 6. f4 e6 7. Nf3 Nge7 8. O-O O-O 9. Be3 b6 10. d4 cxd4 11. Nxd4 Bb7 12. Qd2 Na5 13. Bf2 Nc4 14. Qc1 d5 15. e5 Rc8 16. a4 a6 17. Nd1 Qc7 18. b3 Na5 19. Qb2 Nec6 20.
c3 Nxd4 21. Bxd4 Nc6 22. Be3 h5 23. Qf2 d4 24. cxd4 Nb4 25. Rc1 Qd7 26. Nb2 Bxg2 27.
Qxg2 Nd5 28. Bf2 Rxc1 29. Rxc1 Rc8 30. Qf1 Bf8 31. Nd3 Ba3 32. Rxc8+ Qxc8 33. Qa1 Qc2 34. Qxa3 Qxd3 35. Qb2 h4 36. Kg2 Qe4+ 37. Kh3 Qf5+ 38.
Kxh4 Qh5# 0-1

[Event "*** Titled Tuesday Blitz"]
[Site "Chess.com"]
[Date "2020.05.19"]
[Round "3"]
[White "bascheyaro"]
[Black "ramses135"]
[Result "1-0"]
[WhiteElo "2703"]
[BlackElo "2503"]
[TimeControl "180+1"]
[EndTime "12:27:35 PDT"]
[Termination "bascheyaro won on time"]

1. d4 f5 2. c4 Nf6 3. g3 g6 4. Bg2 Bg7 5. b3 O-O 6. Bb2 d6 7. Nf3 Qe8 8. O-O Na6 9. Re1 c6 10. Nbd2 Ne4 11. e3 Nxd2 12. Qxd2 e5 13. dxe5 dxe5 14. Qd6 e4 15. Bxg7 Kxg7 16. Ne5 Rf6 17. Qd4 c5 18. Qc3 Kg8 19. Red1 Re6 20. Rd5 Nc7 21.
Rxc5 Na6 22. Rd5 Nc7 23. f4 Nxd5 24. cxd5 Rd6 25. Bf1 Qd8 26. Rc1 Bd7 27. Qc7 Be8 28. Qxb7 Rb8 29. Qxa7 Qb6 30. Qxb6 Rbxb6 31. Rc8 Kf8 32.
Bc4 Ke7 33. Rc7+ Bd7 34. a4 1-0

[Event "*** Titled Tuesday Blitz"]
[Site "Chess.com"]
[Date "2020.05.19"]
[Round "3"]
[White "HanSchut"]
[Black "pichonazo"]
[Result "0-1"]
[WhiteElo "2228"]
[BlackElo "2503"]
[TimeControl "180+1"]
[EndTime "12:27:35 PDT"]
[Termination "pichonazo won by checkmate"]

1. e4 c5 2. Nf3 d6 3. d4 cxd4 4. Nxd4 Nf6 5. f3 Nc6 6. c4 g6 7.
Be3 Bg7 8. Nc3 O-O 9. Qd2 Bd7 10.
Be2 Nxd4 11. Bxd4 Bc6 12. Rc1 e6 13. O-O Qe7 14. Rfd1 Rfd8 15. Qe3 a6 16. Bb6 Rd7 17.
b4 d5 18. b5 dxe4 19. bxc6 bxc6 20. Rxd7 Nxd7 21. Nxe4 Nxb6 22. Qxb6 Qa3 23. Rd1 Qxa2 24. Rd8+ Rxd8 25. Qxd8+ Bf8 26. Nf6+ Kg7 27. Qd4 Qxe2 28. Ne8+ Kg8 29. Nf6+ Kh8 30. Ne8+ e5 31. Qa1 Bc5+ 32. Kh1 Bd4 33. Qb1 Qxc4 34. Nd6 Qd5 35. Qb8+ Kg7 36. h4 Bf2 37. Ne8+ Kh6 38. Nf6 Qd1+ 39. Kh2 Qg1+ 40. Kh3 Qh1+ 41. Kg4 Qxg2# 0-1

[Event "*** Titled Tuesday Blitz"]
[Site "Chess.com"]
[Date "2020.05.19"]
[Round "3"]
[White "NotFischer"]
[Black "Char_dasha"]
[Result "0-1"]
[WhiteElo "2105"]
[BlackElo "2330"]
[TimeControl "180+1"]
[EndTime "12:27:36 PDT"]
[Termination "Char_dasha won by resignation"]

1. e4 g6 2. d4 Bg7 3. Nc3 d6 4. Bf4 Nd7 5. Nf3 c5 6. d5 Qb6 7. Rb1 Ngf6 8. Bc4 Qb4 9. Bd3 Nxe4 10. Bxe4 Bxc3+ 11. bxc3 Qxe4+ 12. Be3 Nf6 13. O-O Qxd5 14. Qe2 O-O 15. Bh6 Re8 16. h3 Qh5 17. Qd2 Bxh3 18. Nh2 Ng4 19. Qg5 Qxh6 20. Qxh6 Nxh6 21. gxh3 b6 22.
Rfe1 Nf5 23. Nf3 e5 24. Rbd1 h6 25. Kh2 Kg7 26. c4 Rad8 27. c3 e4 28. Nd2 e3 29.
fxe3 Nxe3 30. Rc1 Nf5 31. Nf3 g5 32. a4 Re6 33. Rcd1 Rde8 34. Rxe6 Rxe6 35. Kg2 Ne3+ 0-1

[Event "*** Titled Tuesday Blitz"]
[Site "Chess.com"]
[Date "2020.05.19"]
[Round "3"]
[White "csati17"]
[Black "Quaternitychess"]
[Result "0-1"]
[WhiteElo "2554"]
[BlackElo "2795"]
[TimeControl "180+1"]
[EndTime "12:27:37 PDT"]
[Termination "Quaternitychess won by resignation"]

1. c4 e5 2. g3 Nc6 3. Nc3 h5 4. h3 Bc5 5. d3 d6 6. Nf3 a6 7. Bg2 Nge7 8. e3 Ba7 9. d4 f6 10.
d5 Nb8 11. h4 Nd7 12. Bh3 f5 13. Ng5 Nf6 14. Ne2 O-O 15. b3 Nh7 16. Nxh7 Kxh7 17.
Bb2 Ng8 18. Qd3 g6 19. O-O-O Nf6 20. f4 Qe7 21. Rde1 b5 22. Bg2 bxc4 23. Qxc4 Rb8 24. Kb1 a5 25. fxe5 dxe5 26. Nc3 Rf7 27. e4 Rb4 28.
Qe2 fxe4 29. Ba3 Rxb3+ 30. axb3 Qxa3 31. Qc4 Bf5 32. Bh3 Ng4 33. Bxg4 hxg4 34. Nxe4 Bd4 35. Rh2 Qa1+ 36. Kc2 Qxe1 37. h5 0-1

[Event "*** Titled Tuesday Blitz"]
[Site "Chess.com"]
[Date "2020.05.19"]
[Round "3"]
[White "IAgrest"]
[Black "UmutErdemGunduz"]
[Result "0-1"]
[WhiteElo "2236"]
[BlackElo "2457"]
[TimeControl "180+1"]
[EndTime "12:27:38 PDT"]
[Termination "UmutErdemGunduz won by resignation"]

1. e4 e5 2. Nf3 Nc6 3. Bb5 a6 4. Ba4 Nf6 5. O-O b5 6. Bb3 Be7 7. Re1 O-O 8. h3 Bb7 9. d3 d5 10. exd5 Nxd5 11. Nxe5 Nd4 12. Nc3 Nb4 13. Bf4 c5 14.
Ne4 Nxb3 15. axb3 f6 16. Nf3 Qd7 17. Qe2 Rfe8 18. Rad1 Bf8 19. Qd2 Rad8 20. Qc1 f5 21. Ned2 h6 22. Ne5 Qd5 23. Ndf3 g5 24. Bxg5 hxg5 25.
Qxg5+ Bg7 26. Qxf5 Nxc2 27. Re4 Rf8 28. Qg6 Rd6 29. Qg3 Nd4 30. Rg4 Ne2+ 0-1

[Event "*** Titled Tuesday Blitz"]
[Site "Chess.com"]
[Date "2020.05.19"]
[Round "3"]
[White "FMOlexandrProhorov"]
[Black "Kaua18"]
[Result "0-1"]
[WhiteElo "2116"]
[BlackElo "2329"]
[TimeControl "180+1"]
[EndTime "12:27:38 PDT"]
[Termination "Kaua18 won by checkmate"]

1. Nf3 c5 2. e4 Nc6 3. c3 Nf6 4.
e5 Nd5 5. Bc4 e6 6. d4 cxd4 7.
cxd4 d6 8. O-O Be7 9. Qe2 O-O 10. Nc3 Nxc3 11. bxc3 dxe5 12. dxe5 Qc7 13. Re1 b6 14. Bd3 Bb7 15. Qe4 g6 16. Qg4 Rfd8 17. Bc2 Rd5 18.
Bf4 Rad8 19. h4 Kf8 20. h5 Na5 21. hxg6 hxg6 22. Bh6+ Ke8 23. Bxg6 fxg6 24. Qxe6 Qc6 25. Qg8+ Kd7 26. e6+ Kc8 27. Qxg6 Kb8 28. Bf4+ Ka8 29. Rac1 Rf8 30. Bg3 Rdd8 31. c4 Rxf3 32. gxf3 Qxf3 33.
Kf1 Qg2+ 34. Ke2 Qf3+ 35. Kf1 Bc5 36. e7 Qg2+ 37. Ke2 Bf3# 0-1

[Event "*** Titled Tuesday Blitz"]
[Site "Chess.com"]
[Date "2020.05.19"]
[Round "3"]
[White "MasterKroket"]
[Black "chessuriel"]
[Result "1-0"]
[WhiteElo "2396"]
[BlackElo "2176"]
[TimeControl "180+1"]
[EndTime "12:27:39 PDT"]
[Termination "MasterKroket won by resignation"]

1. d4 Nf6 2. c4 e6 3. Nf3 Bb4+ 4. Bd2 Qe7 5. g3 Nc6 6. Bg2 O-O 7. O-O Bxd2 8. Nbxd2 d6 9. e4 e5 10. d5 Nb8 11.
Ne1 Nbd7 12. b4 a5 13. a3 axb4 14. axb4 Rxa1 15. Qxa1 c5 16. b5 Ne8 17. Nc2 g6 18. Ne3 Ng7 19. Bh3 f5 20. f4 exf4 21. Rxf4 Nf6 22. Qc3 Nfh5 23. Rf2 f4 24. Ng4 Qg5 25.
Nf3 Qe7 26. Nh6+ Kh8 27. Bxc8 Rxc8 28. g4 Nf6 29. Ng5 Rf8 30. Rxf4 Nd7 31. Rxf8+ Nxf8 32. Ngf7+ 1-0

[Event "*** Titled Tuesday Blitz"]
[Site "Chess.com"]
[Date "2020.05.19"]
[Round "3"]
[White "cfjohansson"]
[Black "PawnEatingZombie"]
[Result "0-1"]
[WhiteElo "2407"]
[BlackElo "2258"]
[TimeControl "180+1"]
[EndTime "12:27:39 PDT"]
[Termination "PawnEatingZombie won by resignation"]

1. d4 d5 2. c4 e6 3. Nc3 Bb4 4. e3 Nf6 5. a3 Bxc3+ 6. bxc3 c6 7. f3 O-O 8. cxd5 cxd5 9. Bd3 b6 10. Qe2 Bb7 11.
Nh3 Qc8 12. Bd2 Ba6 13. Nf2 Bxd3 14. Qxd3 Qa6 15. Qxa6 Nxa6 16. e4 Rfc8 17. O-O Nb8 18. a4 Nc6 19. Rfc1 Na5 20. Rab1 Rc4 21. Rb4 Rac8 22.
Rcb1 h6 23. Kf1 Rxb4 24. Rxb4 Nc4 25. Bc1 Kf8 26. Ke2 Ke7 27. Kd3 Kd7 28. e5 Ne8 29. f4 h5 30. g3 g6 31. h3 Ng7 32. g4 hxg4 33. hxg4 Rh8 34. Nd1 Rh1 35. Ke2 Rg1 36. Ne3 Rxc1 0-1

[Event "*** Titled Tuesday Blitz"]
[Site "Chess.com"]
[Date "2020.05.19"]
[Round "3"]
[White "Lagmantr"]
[Black "Hikaru"]
[Result "0-1"]
[WhiteElo "2678"]
[BlackElo "3188"]
[TimeControl "180+1"]
[EndTime "12:27:40 PDT"]
[Termination "Hikaru won by resignation"]

1. e4 e6 2. d4 d5 3. Nc3 Nf6 4. e5 Nfd7 5. f4 c5 6. Nf3 a6 7. Be3 Qb6 8. Qd2 Qxb2 9. Rb1 Qa3 10. Be2 Nc6 11. O-O cxd4 12. Nxd4 Nxd4 13. Bxd4 Bc5 14. Kh1 Bxd4 15. Qxd4 Qc5 16. Qd3 O-O 17. Qh3 f5 18. Rf3 d4 19. Nd1 b5 20. Rg3 Bb7 21. Qh6 Qe7 22.
a4 Nc5 23. Bd3 bxa4 24. Nb2 Bd5 25. Nc4 Rab8 26. Ra1 Kh8 27. Qh5 Bxc4 28. Bxc4 Ne4 29. Rf3 Nd2 30. Rh3 g6 31. Qe2 Qb4 32. Ba2 Qb2 33. Rc1 0-1

[Event "*** Titled Tuesday Blitz"]
[Site "Chess.com"]
[Date "2020.05.19"]
[Round "3"]
[White "WanderingPuppet"]
[Black "RenanSoares1972"]
[Result "1-0"]
[WhiteElo "2310"]
[BlackElo "2061"]
[TimeControl "180+1"]
[EndTime "12:27:40 PDT"]
[Termination "WanderingPuppet won on time"]

1. e4 c5 2. Nf3 d6 3. d4 cxd4 4. Nxd4 Nf6 5. Nc3 Nc6 6. Bg5 e6 7. Qd2 Be7 8. O-O-O a6 9. h4 Qc7 10. f3 Bd7 11. g4 b5 12. Nxc6 Bxc6 13. Bd3 O-O-O 14. Kb1 Kb8 15. Ne2 Rc8 16. Rc1 Rhd8 17. c4 Qb7 18. Nd4 b4 19. Rc2 a5 20. Rhc1 h6 21. Be3 Nd7 22. g5 hxg5 23. hxg5 Nc5 24. Be2 Nxe4 25. fxe4 Bxe4 26. Bd3 Bxd3 27. Qxd3 Rc5 28.
Nb5 Re5 29. Bf4 Bxg5 30. Bxe5 dxe5 31. Nd6 Rxd6 32. Qxd6+ 1-0

[Event "*** Titled Tuesday Blitz"]
[Site "Chess.com"]
[Date "2020.05.19"]
[Round "3"]
[White "hellokostya"]
[Black "vovachesss"]
[Result "0-1"]
[WhiteElo "2401"]
[BlackElo "2616"]
[TimeControl "180+1"]
[EndTime "12:27:41 PDT"]
[Termination "vovachesss won by resignation"]

1. d4 Nf6 2. c4 c5 3. d5 b5 4. Qc2 bxc4 5. e4 d6 6. Bxc4 g6 7. Nf3 Bg7 8. Nc3 O-O 9. O-O Ba6 10. Nb5 Nbd7 11. Re1 Nb6 12. Bf1 Qd7 13. a4 Rfb8 14.
Nc3 Bxf1 15. Kxf1 Ng4 16. h3 Ne5 17. Nxe5 Bxe5 18. Bh6 Nc4 19. b3 Na5 20. Rab1 Rb7 21. f4 Bd4 22. Nb5 Rab8 23. Qd2 Rxb5 24. axb5 Qxb5+ 25. Qe2 Qxe2+ 26. Kxe2 Nxb3 27. Red1 a5 28. f5 a4 29. Be3 Be5 30. Bc1 c4 31. Rd2 c3 32.
Rd3 c2 0-1

[Event "*** Titled Tuesday Blitz"]
[Site "Chess.com"]
[Date "2020.05.19"]
[Round "3"]
[White "talaicito"]
[Black "DortmundCity"]
[Result "0-1"]
[WhiteElo "2162"]
[BlackElo "2473"]
[TimeControl "180+1"]
[EndTime "12:27:41 PDT"]
[Termination "DortmundCity won on time"]

1. d4 d5 2. Bf4 Nf6 3. Nc3 e6 4. e3 Bb4 5. a3 Bxc3+ 6. bxc3 Ne4 7. Qd3 b6 8. c4 O-O 9. f3 Nf6 10. Qb3 c5 11. c3 Nc6 12. Bg5 h6 13. Bxf6 Qxf6 14.
cxd5 Na5 15. Qb2 exd5 16. Bd3 Re8 17. Kf2 Bf5 18. Bxf5 Qxf5 19. Rd1 Nc4 20. Qb1 Qg5 21.
f4 Qe7 22. Re1 cxd4 23. cxd4 Qxa3 24. Nf3 Rxe3 25. Qa1 Qxa1 26. Rxa1 f6 27. Rhc1 Rb3 28. Rc2 a5 0-1

[Event "*** Titled Tuesday Blitz"]
[Site "Chess.com"]
[Date "2020.05.19"]
[Round "3"]
[White "TudorAnton"]
[Black "Hippotaner"]
[Result "1-0"]
[WhiteElo "2501"]
[BlackElo "2310"]
[TimeControl "180+1"]
[EndTime "12:27:41 PDT"]
[Termination "TudorAnton won on time"]

1. d4 Nf6 2. Nc3 d5 3. Bg5 c6 4.
f3 Nbd7 5. e4 h6 6. Bh4 dxe4 7.
fxe4 Qa5 8. e5 Nd5 9. Nf3 Nxc3 10. bxc3 Qxc3+ 11. Kf2 e6 12. Rb1 b5 13. Bd3 Nb6 14. Rf1 Nd5 15. Kg1 Be7 16. Bxe7 Kxe7 17. Qc1 Bd7 18. Rb3 Qa5 19. Be4 Rhc8 20. Nh4 Qb6 21. Qd2 a5 22. Rbf3 Rf8 23. Qf2 Kd8 24. Ng6 Re8 25. Rxf7 b4 26. Nf8 Ra7 27. Rxg7 a4 28.
Bxd5 cxd5 29. Qf6+ Kc8 30. Nxd7 Rxd7 31. Rxd7 Kxd7 32. Qh4 Re7 33. Rf3 Qc6 34. Qf2 Qc4 35. a3 b3 36. cxb3 axb3 37. Qb2 Rg7 38. Rxb3 1-0

[Event "*** Titled Tuesday Blitz"]
[Site "Chess.com"]
[Date "2020.05.19"]
[Round "3"]
[White "Man-Chuk"]
[Black "Barmen_EV"]
[Result "1-0"]
[WhiteElo "2723"]
[BlackElo "2479"]
[TimeControl "180+1"]
[EndTime "12:27:43 PDT"]
[Termination "Man-Chuk won on time"]

1. d4 d5 2. c4 e6 3. Nc3 Bb4 4.
e3 Nf6 5. a3 Bxc3+ 6. bxc3 O-O 7. Nf3 b6 8. Bd3 Ba6 9. cxd5 exd5 10. Bxa6 Nxa6 11. Qd3 Qc8 12. c4 c5 13. Bb2 cxd4 14. Bxd4 Qxc4 15. Qf5 Ne4 16. Ne5 Qb5 17. Ng4 Qa5+ 18.
Ke2 Qb5+ 19. Kf3 Qd3 20. Qxd5 Nd2+ 21. Kf4 Nc7 22. Qe5 Ne6+ 23. Kg3 1-0

[Event "*** Titled Tuesday Blitz"]
[Site "Chess.com"]
[Date "2020.05.19"]
[Round "3"]
[White "AlexVanGog"]
[Black "MF1966Idrisov"]
[Result "1-0"]
[WhiteElo "2617"]
[BlackElo "2336"]
[TimeControl "180+1"]
[EndTime "12:27:43 PDT"]
[Termination "AlexVanGog won by resignation"]

1. Nf3 c6 2. c4 d5 3. e3 Nf6 4.
Nc3 g6 5. cxd5 cxd5 6. Bb5+ Nc6 7. Ne5 Bd7 8. Nxd7 Qxd7 9. O-O Bg7 10. d4 O-O 11. Bd2 Rfc8 12. Rc1 a6 13. Bd3 b5 14. Qe2 e6 15. h3 Bf8 16. Rfd1 Rc7 17. a4 b4 18. Nb1 Na5 19. Rxc7 Qxc7 20. Bxa6 Ne4 21. Be1 Nc4 22. Bb5 Ncd6 23. Nd2 Nxb5 24. Nxe4 dxe4 25. axb5 Rb8 26. d5 Qb6 27. dxe6 fxe6 28. Qc4 Qxb5 29. Qxe6+ Kh8 30. Qxe4 Bg7 31. b3 Qe2 32.
Qd3 Qb2 33. Bxb4 Be5 34. Bd6 Bxd6 35. Qxd6 Qxb3 36. Qe5+ Kg8 37. Qd5+ Qxd5 38. Rxd5 Rb1+ 39. Kh2 Kg7 40. g4 h6 41. Kg2 Rb2 42. h4 Kf6 43.
Kg3 Rb3 44. Ra5 Rb4 45. Ra6+ Kf7 46. f3 Ra4 47. Rxa4 1-0

[Event "*** Titled Tuesday Blitz"]
[Site "Chess.com"]
[Date "2020.05.19"]
[Round "3"]
[White "turayev_shahruh17"]
[Black "Akhayan"]
[Result "1-0"]
[WhiteElo "2530"]
[BlackElo "2299"]
[TimeControl "180+1"]
[EndTime "12:27:43 PDT"]
[Termination "turayev_shahruh17 won by resignation"]

1. e4 e6 2. d4 d5 3. e5 c5 4. c3 Nc6 5. Nf3 Qb6 6. Be2 cxd4 7. cxd4 Nh6 8. Nc3 Nf5 9. Kf1 Ncxd4 10. Na4 Qb4 11.
Bd2 Qe7 12. Bg5 f6 13. exf6 gxf6 14. Nxd4 fxg5 15. Nxf5 exf5 16. Bh5+ Kd8 17. Qxd5+ Qd7 18.
Qa5+ b6 19. Nxb6 axb6 20. Qxa8 Qb7 21. Qxb7 Bxb7 22. Bf3 Ba6+ 23. Be2 Bb7 24. Bf3 Ba6+ 25. Kg1 Bc5 26. a3 Ke7 27. b4 Bd4 28. Rd1 Bf6 29.
g3 g4 30. Bc6 Be2 31. Re1 Kd6 32. Rxe2 Kxc6 33. Re6+ 1-0

[Event "*** Titled Tuesday Blitz"]
[Site "Chess.com"]
[Date "2020.05.19"]
[Round "3"]
[White "Olga_Girya"]
[Black "novocane"]
[Result "1-0"]
[WhiteElo "2429"]
[BlackElo "2218"]
[TimeControl "180+1"]
[EndTime "12:27:44 PDT"]
[Termination "Olga_Girya won by resignation"]

1. d4 Nf6 2. c4 e6 3. Nf3 b6 4. g3 Ba6 5. b3 Bb4+ 6. Bd2 Be7 7. Bg2 O-O 8. O-O d5 9. cxd5 exd5 10. Nc3 c5 11. Bc1 Nbd7 12. Bb2 Bb7 13. Rc1 Re8 14. dxc5 bxc5 15. Ne1 Rb8 16. Nd3 d4 17. Na4 Bxg2 18.
Kxg2 Qc8 19. Kg1 Qa6 20. Rc2 Rec8 21. Ba3 Ne4 22. Qc1 c4 23. Bxe7 cxd3 24. exd3 Nc3 25.
Nxc3 dxc3 26. Rxc3 Rxc3 27. Qxc3 Qxa2 28. Qc7 Qe2 29.
Qxd7 1-0

[Event "*** Titled Tuesday Blitz"]
[Site "Chess.com"]
[Date "2020.05.19"]
[Round "3"]
[White "Xeniya2005"]
[Black "FGHSMN"]
[Result "0-1"]
[WhiteElo "2274"]
[BlackElo "2511"]
[TimeControl "180+1"]
[EndTime "12:27:45 PDT"]
[Termination "FGHSMN won by resignation"]

1. e4 c5 2. Nf3 d6 3. d4 cxd4 4. Nxd4 Nf6 5. Nc3 a6 6. Nb3 Nc6 7. f4 g6 8. Be3 Bg7 9. Be2 O-O 10. Qd2 b5 11. a3 Bb7 12. Bf3 Rc8 13. h4 h5 14. f5 Ne5 15. fxg6 fxg6 16. Bh6 Rxc3 17. bxc3 Bxe4 18. Bxg7 Kxg7 19. Bxe4 Nxe4 20. Qd4 Ng3 21.
Rg1 e6 22. Rd1 Qf6 23. Nd2 Kh7 24. c4 Nd3+ 0-1

[Event "*** Titled Tuesday Blitz"]
[Site "Chess.com"]
[Date "2020.05.19"]
[Round "3"]
[White "L_lorenzo"]
[Black "51616516516"]
[Result "1-0"]
[WhiteElo "2012"]
[BlackElo "2337"]
[TimeControl "180+1"]
[EndTime "12:27:45 PDT"]
[Termination "L_lorenzo won by checkmate"]

1. d4 Nf6 2. c4 g6 3. Nc3 Bg7 4. e4 d6 5. f3 c6 6. a4 a5 7. Bg5 Na6 8. Nge2 O-O 9. Ng3 e5 10.
d5 h6 11. Be3 Ne8 12. Qd2 Kh7 13.
Bd3 f5 14. exf5 gxf5 15. O-O Nb4 16. Bb1 Qh4 17. dxc6 bxc6 18. Bf2 Qxc4 19. Nh5 d5 20. Nxg7 Nxg7 21. Re1 e4 22. fxe4 fxe4 23. Nxe4 dxe4 24. Rxe4 Qg8 25. Rh4+ Nf5 26. Qxh6# 1-0

[Event "*** Titled Tuesday Blitz"]
[Site "Chess.com"]
[Date "2020.05.19"]
[Round "3"]
[White "vladislavkovalev"]
[Black "Megagigahiper3345"]
[Result "1-0"]
[WhiteElo "2910"]
[BlackElo "2628"]
[TimeControl "180+1"]
[EndTime "12:27:46 PDT"]
[Termination "vladislavkovalev won by resignation"]

1. e4 c5 2. Be2 a6 3. d3 b5 4. f4 Bb7 5. Nf3 e6 6. c3 d6 7. O-O Be7 8. Be3 Nf6 9. Kh1 O-O 10.
Nbd2 Nc6 11. a3 Qc7 12. d4 cxd4 13. cxd4 Na5 14. Rc1 Qd7 15. b4 Nc4 16. Bxc4 bxc4 17. Nxc4 Rab8 18. e5 Nd5 19. Bd2 Rfc8 20. Qe2 Qb5 21.
exd6 Bxd6 22. a4 Qc6 23. Nfe5 Bxe5 24. dxe5 Qxa4 25. Nd6 Rxc1 26. Rxc1 Bc6 27. f5 Bd7 28. f6 g6 29. Qf2 Qa2 30. h3 Qb2 31. Nc4 Qa2 32.
Qh4 Qxd2 33. Nxd2 1-0

[Event "*** Titled Tuesday Blitz"]
[Site "Chess.com"]
[Date "2020.05.19"]
[Round "3"]
[White "CHESSMASTER759"]
[Black "Tolya2"]
[Result "1/2-1/2"]
[WhiteElo "2647"]
[BlackElo "2483"]
[TimeControl "180+1"]
[EndTime "12:27:46 PDT"]
[Termination "Game drawn by agreement"]

1. e4 c6 2. d4 d5 3. Nc3 dxe4 4. Nxe4 Bf5 5. Ng3 Bg6 6. h4 h6 7. Nf3 Nd7 8. h5 Bh7 9. Bd3 Bxd3 10. Qxd3 e6 11. Bf4 Qa5+ 12. Bd2 Bb4 13. c3 Be7 14.
c4 Bb4 15. O-O Ngf6 16. Bxb4 Qxb4 17. b3 O-O 18. Rad1 Rad8 19. Rfe1 a5 20. Qe2 Rfe8 21. Ne5 a4 22. Nd3 Qc3 23. Qb2 Qxb2 24. Nxb2 axb3 25.
axb3 Ra8 26. Ra1 Kf8 27. Kf1 b5 28. Nd3 bxc4 29. bxc4 Nb6 30. Ne5 Nfd7 31. Nxc6 Nxc4 32. Ne4 Nf6 33. Nxf6 gxf6 34. Rxa8 Rxa8 35. Rd1 Nb6 36. Nb4 Rd8 37. f3 Nd5 38. Nxd5 Rxd5 39. g4 f5 40. Ke2 fxg4 41. fxg4 Kg7 42. Ke3 Kf6 43. Ke4 Rg5 44. Kf4 Ra5 45. Rf1 1/2-1/2